 Dungeon Crawl Stone Soup version 0.31-a0-263-ge8cad7f256 (webtiles) character file.

Game seed: 320886738139875534

233700 Monkooky the Wrestler (level 17, -3/140 (163) HPs)
             Began as a Minotaur Shapeshifter on July 13, 2023.
             Was the Champion of Ru.
             Slain by a formless jellyfish (25 damage)
             ... on level 5 of the Pits of Slime.
             The game lasted 00:50:56 (30296 turns).

Monkooky the Wrestler (Minotaur Shapeshifter)      Turns: 30296, Time: 00:50:56

HP:   -3/140 (163)  AC:  9    Str: 26 (27) XL:     17   Next: 42%
MP:   8/16          EV: 12    Int:  4 (5)  God:    Ru [******]
Gold: 1812          SH:  0    Dex: 14 (15) Spells: 16/16 levels left

rFire   . .          .
                       - Unarmed
rCold   + + .        (shield unavailable)
rNeg    . . .        Z - +6 chain mail of Wu Jian, Muttering {Str+3}
rPois   .            K - +2 hat
rElec   .            p - +0 cloak
rCorr   .            (gloves currently unavailable)
SInv    .            I - +3 pair of seven-league boots {Rampage+∞}
Will    ++...        W - amulet of regeneration Stlth
                     (ring unavailable)
HPRegen 1.23/turn    g - ring "Dyker" {Fly rC+ Will+}
MPRegen 0.15/turn

%: rampage+∞
@: exhausted, blade hand, corroded, flying, constricted, heavily drained
A: horns 2, no potion heal 1, missing a hand, hated by all, inexperienced 1,
retaliatory headbutt, cold resistance 1, deterioration 1, sense surroundings 1
}: 2/15 runes: decaying, gossamer
a: Begin Untransformation, Renounce Religion, Draw Out Power, Power Leap,
Apocalypse


You were on level 5 of the Pits of Slime.
You worshipped Ru.
Ru was exalted by your worship.
You had blades for hand.
You visited 6 branches of the dungeon, and saw 34 of its levels.

You collected 2721 gold pieces.
You spent 909 gold pieces at shops.

Inventory:

Missiles
 m - 3 throwing nets
Armour
 p - a +0 cloak (worn)
 I - the +3 pair of seven-league boots (worn) {Rampage+∞}
   (You acquired it on level 12 of the Dungeon)

   Rampage+∞: When moving toward enemies, its wearer moves as far as possible,
   alerting their target en route.
 K - a +2 hat (worn)
 Y - +3 shadow dragon scales
 Z - the +6 chain mail of Wu Jian, Muttering (worn) {Str+3}
   (You bought it in a shop on level 2 of the Orcish Mines)

   Str:       It affects your strength (+3).
Jewellery
 f - an amulet of reflection
 g - the ring "Dyker" (right blade hand) {Fly rC+ Will+}
   (You found it on level 5 of the Lair of Beasts)

   [ring of protection from cold]

   rC:        It protects you from cold.
   Fly:       It grants you flight.
   Will:      It increases your willpower.
 i - an amulet of the acrobat
 n - a +5 ring of evasion
 L - the ring "Soiqutek" {Str+6 Int+2 SInv}
   (You found it on level 2 of the Spider Nest)

   [ring of strength]

   Str:       It affects your strength (+6).
   Int:       It affects your intelligence (+2).
   SInv:      It lets you see invisible.
 N - a +6 ring of dexterity
 Q - a ring of fire
 R - a +4 ring of protection
 W - an amulet of regeneration (around neck)
Talismans
 F - a blade talisman
Wands
 c - a wand of mindburst (1)
 x - a wand of flame (71) (quivered)
 S - a wand of polymorph (2)
 V - a wand of light (27)
Scrolls
 d - 2 scrolls of torment
 e - 6 scrolls of vulnerability
 h - 4 scrolls of noise
 k - 8 scrolls of fog
 q - 2 scrolls of revelation
 r - 2 scrolls of teleportation
 s - 5 scrolls of amnesia
 t - 2 scrolls of poison
 w - 3 scrolls of immolation
 y - a scroll of blinking
 C - 3 scrolls of silence
 E - a scroll of butterflies
 G - 6 scrolls of enchant weapon
 O - 2 scrolls of fear
 T - 4 scrolls of brand weapon
Potions
 a - 2 potions of invisibility
 b - 5 potions of lignification
 j - a potion of cancellation
 o - 2 potions of berserk rage
 u - 4 potions of curing
 v - 7 potions of might
 z - 2 potions of attraction
 A - 4 potions of heal wounds
 B - 5 potions of ambrosia
 D - a potion of enlightenment
 H - 2 potions of haste
 M - 4 potions of mutation
 U - 2 potions of resistance
 X - 4 potions of brilliance
Miscellaneous
 l - a tin of tremorstones (2/2)
 P - a lightning rod (4/4)


   Skills:
 - Level 17.9 Fighting
 - Level 17.0 Armour
 - Level 12.3 Dodging
 + Level 22.8 Unarmed Combat
 - Level 8.2 Evocations
 - Level 10.3 Shapeshifting


You had 16 spell levels left.
You didn't know any spells.
Your spell library contained the following spells:

 Spells                   Type           Power      Damage    Failure   Level
 Apportation              Tloc           0%         N/A       99%         1
 Necrotise                Necr           0%         1d4       99%         1
 Sandblast                Erth           0%         2d4       99%         1
 Blink                    Tloc           0%         N/A       99%         2
 Passwall                 Tmut/Erth      0%         N/A       99%         2
 Scorch                   Fire           0%         2d5       99%         2
 Sublimation of Blood     Necr           0%         N/A       99%         2
 Wereblood                Tmut           0%         N/A       99%         2
 Inner Flame              Hex/Fire       0%         N/A       100%        3
 Portal Projectile        Hex/Tloc       0%         N/A       100%        3
 Stone Arrow              Conj/Erth      0%         3d7       100%        3
 Volatile Blastmotes      Fire/Tloc      0%         2d10      100%        3
 Anguish                  Hex/Necr       0%         N/A       100%        4
 Cause Fear               Hex            0%         N/A       100%        4
 Flame Wave               Conj/Fire      0%         2d4       100%        4
 Fulminant Prism          Conj/Hex       0%         3d5       100%        4
 Iskenderun's Mystic Bla  Conj/Tloc      0%         2d3       100%        4
 Manifold Assault         Tloc           0%         N/A       100%        4
 Passage of Golubria      Tloc           0%         N/A       100%        4
 Sticky Flame             Conj/Fire      0%         2d3       100%        4
 Borgnjor's Vile Clutch   Necr/Erth      0%         N/A       100%        5
 Yara's Violent Unravell  Hex/Tmut       0%         3d3       100%        5
 Eringya's Noxious Bog    Tmut/Pois      0%         4d6       100%        6
 Enfeeble                 Hex            0%         N/A       100%        7
 Summon Small Mammal      Summ           Unusable   N/A       N/A         1
 Tukima's Dance           Hex            Unusable   N/A       N/A         3
 Animate Dead             Necr           Unusable   N/A       N/A         4
 Summon Forest            Summ/Tloc      Unusable   N/A       N/A         5
 Death Channel            Necr           Unusable   N/A       N/A         6
 Summon Cactus Giant      Summ           Unusable   N/A       N/A         6
 Summon Hydra             Summ           Unusable   N/A       N/A         7

Dungeon Overview and Level Annotations

Branches:
Dungeon (14/15)            Temple (0/1) D:7            Lair (5/5) D:9
  Swamp (4/4) Lair:2       Spider (4/4) Lair:3        Slime (5/5) Lair:5
    Orc (2/2) D:10            Elf (0/3) Orc:2        Vaults (0/5) D:14

Altars:
Elyvilon
Kikubaaqudgha
Ru
Vehumet
Lugonu

Shops:
D:5 ![   D:12 (   Orc:2 [[*([

Portals:
Abyss: Lair:3 Lair:5

Annotations:
D:9 exclusion: statue
Lair:3 2 transporters, Strat's ghost, journeyman DsRe
Slime:5 Royal Jelly


Innate Abilities, Weirdness & Mutations

You have blades for hand.
Your spellcasting is less reliable in this form.
You are incapable of wielding weapons or throwing items.
You have a pair of horns on your head.
Potions are less effective at restoring your health.
You are missing a hand.
You are hated by all.
You are somewhat inexperienced. (-1 XL)
You reflexively headbutt those who attack you in melee.
Your flesh is cold resistant. (rC+)
Your body sometimes deteriorates upon taking damage.
You passively map a small area around you.


Message History

You resist with almost no effort. The golden eye blinks at you.
You easily resist.
The golden eye struggles to escape constriction.
The golden eye begins to attack, but is stunned by your conviction!
You slice the formless jellyfish!!
The formless jellyfish is moderately wounded.
The grasping roots constrict the golden eye!
You kill the golden eye!
The grasping roots constrict the golden eye!
You kill the golden eye!
The formless jellyfish stings you!!
* * * LOW HITPOINT WARNING * * *
You suddenly lose the ability to move!
The formless jellyfish grabs you. The formless jellyfish constricts you.
* * * LOW HITPOINT WARNING * * *
The golden eye blinks!
The golden eye blinks at you. You resist with almost no effort.
The formless jellyfish stings you!!
* * * LOW HITPOINT WARNING * * *
Your body deteriorates!
You feel weakened.
You shrug off the repeated paralysis!
You focus your inner power and illuminate the formless jellyfish in retribution!
The formless jellyfish constricts you.
* * * LOW HITPOINT WARNING * * *
You can move again.
Unknown command.
Activating: Apocalypse
Press: ? - help, Dir - look around, f - activate You reveal the great annihilating truth to your foes!
The formless jellyfish doubts its magic when faced with ultimate truth!
You kill the golden eye!
You feel drained.
The formless jellyfish stings you but does no damage.
The formless jellyfish constricts you.
* * * LOW HITPOINT WARNING * * *
You focus your inner power and illuminate the formless jellyfish in retribution!
Your system partially rejects the healing.
You feel much better. The formless jellyfish stings you!!
You die...

.....J.JJ.......#....#,....,,,,,,
......J.G.......##...#,....,,,,,,
....................###,...,*,**,
##.#............##....###,*,,***,
*###.............#.#..#.###.*,***
*,..........................,,,*
*...........................,,,*
#....................#.#.#.#,****
##..............@....#.###****,*,
*,,,,,,,,.......J..........,,,,,,
***,,,,,,..................,,,,,,
*,,,,,,,..................,,,,,,
**,,,,,,..................,,,,,,
*,,,,,,..................,,,,,,
**,,,,,..................,,,,,,
*,,,,,,..................,,,,,,
***,,,,,,,,,,,,,,,,,,,,,,,,,,,,


You could see a formless jellyfish (corona, magic disrupted).

Vanquished Creatures
  Nikola (Swamp:4)
  A bone dragon (Swamp:4)
  A tentacled monstrosity (Swamp:2)
  Kirke (D:12)
  8 acid blobs
  3 thorn hunters (Swamp:2)
  A rockslime (Slime:4)
  7 emperor scorpions
  5 azure jellies
  6 ghost moths
  A frost giant (D:14)
  A formless jellyfish (Slime:5)
  An orc warlord (Orc:2)
  2 ghouls (Swamp:3)
  A broodmother (Spider:1)
  4 quicksilver oozes
  11 eleionomae
  2 spark wasps
  Nessos (D:14)
  5 bunyips
  Josephine (Lair:4)
  4 vault guards (D:14)
  3 entropy weavers
  2 great orbs of eyes
  2 shambling mangroves (Swamp:2)
  10 hydras
  2 catoblepae
  An ogre mage (D:14)
  3 radroaches
  2 jorogumos
  5 centaur warriors
  3 ghost crabs (Swamp:4)
  3 boulder beetles
  11 alligators
  2 two-headed ogres
  4 death yaks (Lair:2)
  2 deep troll earth magi (D:13)
  An orc high priest (Orc:2)
  7 demonic crawlers
  4 thrashing horrors (Lair:5)
  Sonja (D:10)
  A skyshark (Lair:5)
  Amaemon (Lair:1)
  A skeletal warrior (D:14)
  4 pharaoh ants
  4 spectral hydras (Swamp:4)
  8 spriggan druids
  3 goliath frogs
  3 orb spiders (Spider:4)
  A swamp dragon (Swamp:2)
  6 bog bodies
  5 steelbarb worms
  A wizard (D:14)
  A necromancer (Lair:4)
  A deep elf archer (D:14)
  A phantasmal warrior (Swamp:4)
  3 orc knights
  3 deep elf pyromancers
  7 orc sorcerers
  A deep elf zephyrmancer (D:13)
  3 oklob plants
  3 will-o-the-wisps
  An ugly thing (Lair:5)
  A manticore (D:13)
  3 shining eyes
  2 large abominations (Lair:5)
  18 wolf spiders
  3 elephants (Lair:3)
  4 cyclopes
  7 black mambas
  2 water nymphs (Swamp:4)
  A smoke demon (Lair:5)
  5 moths of wrath
  4 torpor snails
  Maurice (D:13)
  4 gargoyles
  4 efreet
  9 cane toads
  A yaktaur (D:14)
  An orange demon (Lair:1)
  6 rime drakes
  3 swamp worm zombies (Swamp:4)
  A tengu conjurer (D:14)
  A hydra zombie (Swamp:4)
  7 kobold demonologists
  10 komodo dragons
  A freezing wraith (D:14)
  4 trolls
  2 ancient zymes (Lair:5)
  A bloated husk (Swamp:4)
  3 meliai (Spider:3)
  A polar bear (Lair:5)
  13 tarantellas
  8 tyrant leeches
  12 hornets
  2 spectral swamp dragons (Swamp:4)
  4 alligator zombies (Swamp:4)
  26 blink frogs
  21 jumping spiders
  A centaur simulacrum (D:13)
  36 slime creatures
  11 spriggans
  2 vampires
  23 culicivoras
  5 wyverns
  A human (shapeshifter) (Lair:5)
  7 wraiths
  2 ynoxinuls (Lair:5)
  A hog (D:12)
  71 yaks
  3 humans (D:12)
  4 water elementals (D:13)
  2 chaos spawn (Lair:5)
  9 golden eyes (Slime:5)
  23 vampire mosquitoes
  7 basilisks
  50 redbacks
  3 steam dragons
  7 wargs
  2 acid dragons
  15 swamp worms
  16 water moccasins
  2 swamp drakes (Swamp:2)
  28 orc warriors
  7 black bears
  A sky beast (D:7)
  6 swamp dragon zombies (Swamp:4)
  12 ogres
  A boggart (D:14)
  16 wolves
  5 centaurs
  6 phantoms
  8 kobold brigands
  8 bullfrogs
  7 small abominations (Lair:5)
  A necrophage (Swamp:3)
  4 gnoll sergeants
  3 scorpions
  11 wights
  5 killer bees (D:8)
  4 howler monkeys
  12 electric eels
  3 hounds
  2 jellies
  15 orc priests
  2 gnoll boudas (D:7)
  2 iguanas (D:5)
  3 sleepcaps
  Natasha (thrice) (D:2)
  31 orc wizards
  2 spectral swamp drakes (Swamp:4)
  4 yak simulacra (Lair:4)
  3 polar bear simulacra (Lair:4)
  A wolf simulacrum (Lair:4)
  Robin (D:2)
  19 gnolls
  6 adders
  A shadow imp (D:7)
  2 white imps
  An ufetubus (D:6)
  2 worms
  2 dart slugs
  56 orcs
  9 endoplasms
  2 giant cockroaches (D:2)
  22 goblins
  11 hobgoblins
  2 jackals (D:4)
  21 kobolds
  4 quokkas
  7 ball pythons
  6 bats
  5 frilled lizards
  10 rats
  3 river rat simulacra (Lair:4)
1105 creatures vanquished.

Vanquished Creatures (others)
  A ghoul (Swamp:3)
  A vault guard (D:14)
  A centaur warrior (D:13)
  An ugly thing (D:14)
  2 bloated husks (Swamp:4)
  A blink frog (Lair:3)
  An alligator zombie (Swamp:4)
  An orc (Orc:2)
  A kobold (D:10)
  6 foxfires
16 creatures vanquished.

Grand Total: 1121 creatures vanquished

Notes
Turn   | Place    | Note
-------+----------+-------------------------------------------
     0 | D:1      | Monkooky the Minotaur Shapeshifter began the quest for the
                  | Orb.
     0 | D:1      | Reached XP level 1. HP: 18/18 MP: 0/0
   183 | D:1      | Reached XP level 2. HP: 25/25 MP: 1/1
   243 | D:1      | Reached skill level 3 in Unarmed Combat
   441 | D:1      | Reached XP level 3. HP: 31/31 MP: 2/2
   758 | D:2      | Noticed Robin
   785 | D:2      | Killed Robin
   786 | D:2      | Reached skill level 4 in Unarmed Combat
   864 | D:2      | Reached XP level 4. HP: 39/39 MP: 3/3
  1112 | D:2      | Noticed Natasha
  1131 | D:2      | Killed Natasha
  1245 | D:2      | Noticed Natasha
  1252 | D:2      | Killed Natasha
  1445 | D:2      | Reached XP level 5. HP: 46/46 MP: 4/4
  1697 | D:2      | Noticed Natasha
  1702 | D:2      | Killed Natasha
  1703 | D:2      | Reached skill level 5 in Unarmed Combat
  1938 | D:3      | You fall into a shaft and drop 1 floor!
  2005 | D:4      | Identified the +0 leather armour "Kesoeb" {rC+}
  2123 | D:4      | Noticed a black bear
  2124 | D:4      | Noticed an ogre
  2137 | D:4      | Killed a black bear
  2138 | D:4      | Reached skill level 5 in Fighting
  2138 | D:4      | Reached skill level 6 in Unarmed Combat
  2138 | D:4      | Reached XP level 6. HP: 56/56 MP: 5/5
  2164 | D:4      | Reached skill level 1 in Armour
  2213 | D:4      | Reached XP level 7. HP: 61/61 MP: 6/6
  2264 | D:4      | Reached skill level 7 in Unarmed Combat
  2443 | D:5      | Entered Level 5 of the Dungeon
  2484 | D:5      | Found Hiqinosk's Distillery.
  2496 | D:5      | Bought a potion of heal wounds for 50 gold pieces
  2496 | D:5      | Bought a potion of curing for 30 gold pieces
  2496 | D:5      | Bought a potion of ambrosia for 80 gold pieces
  2496 | D:5      | Bought a potion of heal wounds for 50 gold pieces
  2923 | D:5      | Reached skill level 8 in Unarmed Combat
  2929 | D:5      | Found Qohunieg's Armour Emporium.
  2936 | D:5      | Noticed a steam dragon
  2942 | D:5      | Killed a steam dragon
  2943 | D:5      | Reached XP level 8. HP: 65/71 MP: 7/7
  3330 | D:6      | Identified the +1 ring mail of the Shore {Regen+ Dex+4}
  3385 | D:6      | Reached skill level 9 in Unarmed Combat
  3574 | D:6      | Noticed a hornet
  3578 | D:6      | Paralysed by a hornet for 2 turns
  3582 | D:6      | Killed a hornet
  3583 | D:6      | Reached skill level 5 in Armour
  3733 | D:6      | Reached XP level 9. HP: 81/81 MP: 8/8
  3989 | D:7      | Reached skill level 10 in Unarmed Combat
  4259 | D:7      | Found a sacrificial altar of Ru.
  4398 | D:7      | Became a worshipper of Ru the Awakened
  4509 | D:7      | Reached skill level 11 in Unarmed Combat
  4598 | D:7      | Found a staircase to the Ecumenical Temple.
  5084 | D:8      | Reached skill level 10 in Fighting
  5222 | D:8      | Reached XP level 10. HP: 90/94 MP: 9/9
  5257 | D:8      | Gained mutation: You are missing a hand. [Ru sacrifice]
  5257 | D:8      | Reached * piety under Ru
  5257 | D:8      | Reached ** piety under Ru
  5257 | D:8      | Reached *** piety under Ru
  5324 | D:8      | Found an ancient bone altar of Kikubaaqudgha.
  5728 | D:9      | Found a staircase to the Lair.
  5771 | D:9      | Reached skill level 12 in Unarmed Combat
  5912 | D:9      | Found a radiant altar of Vehumet.
  6018 | D:9      | Noticed a boulder beetle
  6031 | D:9      | Killed a boulder beetle
  6112 | D:9      | Noticed a smoke demon
  6113 | D:9      | Reached skill level 13 in Unarmed Combat
  6113 | D:9      | Noticed a smoke demon
  6116 | D:9      | Noticed a sun demon
  6559 | D:10     | Entered Level 10 of the Dungeon
  6582 | D:10     | Noticed Sonja
  6594 | D:10     | Killed Sonja
  6595 | D:10     | Reached XP level 11. HP: 57/106 MP: 10/10
  6702 | Lair:1   | Entered Level 1 of the Lair of Beasts
  6849 | Lair:1   | Gained mutation: You are hated by all. [Ru sacrifice]
  6849 | Lair:1   | Reached **** piety under Ru
  6849 | Lair:1   | Reached ***** piety under Ru
  6853 | Lair:1   | Noticed Amaemon
  6868 | Lair:1   | Killed Amaemon
  6869 | Lair:1   | Reached skill level 14 in Unarmed Combat
  7318 | Lair:1   | Noticed a five-headed hydra
  7335 | Lair:1   | Killed a five-headed hydra
  7381 | Lair:1   | Reached skill level 5 in Dodging
  7794 | Lair:2   | Noticed a death yak
  7796 | Lair:2   | Noticed a death yak
  7796 | Lair:2   | Noticed a death yak
  7796 | Lair:2   | You fall into a shaft and drop 2 floors!
  7848 | Lair:3   | Reached XP level 12. HP: 65/117 MP: 11/11
  7875 | Lair:3   | Found a hole to the Spider Nest.
  8024 | Lair:3   | Noticed a four-headed hydra
  8054 | Lair:3   | Killed a four-headed hydra
  8185 | Lair:3   | Noticed a seven-headed hydra
  8192 | Lair:3   | Killed a seven-headed hydra
  8311 | Lair:3   | Noticed a catoblepas
  8322 | Lair:3   | Reached skill level 5 in Shapeshifting
  8328 | Lair:3   | Killed a catoblepas
  8494 | Lair:2   | Noticed a death yak
  8501 | Lair:2   | Killed a death yak
  8503 | Lair:2   | Killed a death yak
  8507 | Lair:2   | Killed a death yak
  8512 | Lair:2   | Killed a death yak
  8671 | Lair:3   | Found a transporter.
  8690 | Lair:3   | Found a one-way gate to the infinite horrors of the Abyss.
  8731 | Lair:3   | Noticed a hell hog
  8738 | Lair:3   | Noticed Strat's ghost (journeyman DsRe)
  8861 | Lair:3   | Found a transporter.
  8989 | Lair:4   | Noticed Josephine
  8993 | Lair:4   | Reached XP level 13. HP: 108/114 MP: 3/12
  9000 | Lair:4   | Killed Josephine
  9574 | Lair:5   | Entered Level 5 of the Lair of Beasts
  9644 | Lair:5   | Gained mutation: You are somewhat inexperienced. (-1 XL)
                  | [Ru sacrifice]
  9644 | Lair:5   | Reached XP level 12. HP: 117/117 MP: 11/11
  9898 | Lair:5   | Found the +10 dark maul {heavy}
 10189 | Lair:5   | Found a staircase to the Slime Pits.
 10237 | Lair:5   | Reached skill level 10 in Armour
 10350 | Lair:5   | Reached skill level 15 in Unarmed Combat
 10444 | Lair:5   | Reached XP level 13. HP: 112/114 MP: 12/12
 10553 | Lair:5   | Gained mutation: Potions are less effective at restoring
                  | your health. [Ru sacrifice]
 10553 | Lair:5   | Reached ****** piety under Ru
 10950 | Lair:5   | Found a corrupted altar of Lugonu.
 10957 | Lair:5   | Identified the ring "Dyker" {Fly rC+ Will+}
 11137 | Lair:2   | Found a staircase to the Swamp.
 11240 | Lair:2   | Identified the +3 morningstar "Piuz Byl" {venom, Fly rPois}
 11840 | D:10     | Reached skill level 15 in Fighting
 11967 | D:10     | Found a staircase to the Orcish Mines.
 12032 | Orc:1    | Entered Level 1 of the Orcish Mines
 12250 | Orc:2    | Entered Level 2 of the Orcish Mines
 12292 | Orc:2    | Found a staircase to the Elven Halls.
 12459 | Orc:2    | Noticed an orc warlord
 12514 | Orc:2    | Paralysed by an orc sorcerer for 4 turns
 12578 | Orc:2    | Killed an orc warlord
 12824 | Orc:2    | Found Juot's Armour Shop.
 12824 | Orc:2    | Found Qetuedy's General Store.
 12825 | Orc:2    | Found Qelar's Armour Boutique.
 12829 | Orc:2    | Found Zochub's Weapon Shop.
 12835 | Orc:2    | Bought a scroll of immolation for 52 gold pieces
 12835 | Orc:2    | Bought a scroll of identify for 26 gold pieces
 12836 | Orc:2    | Bought the +6 chain mail of Wu Jian, Muttering {Str+3} for
                  | 621 gold pieces
 13044 | Orc:2    | Found Paps's Armour Boutique.
 14009 | D:12     | Found Qemam's Weapon Shop.
 14292 | D:12     | Identified a scroll of acquirement
 14314 | D:12     | Acquired the +3 pair of seven-league boots {Rampage+∞}
 14314 | D:12     | Found the +3 pair of seven-league boots {Rampage+∞}
 14443 | D:12     | Noticed Kirke
 14450 | D:12     | Killed Kirke
 15218 | Swamp:1  | Entered Level 1 of the Swamp
 15286 | Swamp:1  | Reached XP level 14. HP: 128/136 MP: 13/13
 15298 | Swamp:1  | Reached skill level 16 in Unarmed Combat
 16268 | Swamp:2  | Noticed a tentacled monstrosity
 16274 | Swamp:2  | Killed a tentacled monstrosity
 16891 | Swamp:2  | Noticed a thorn hunter
 16909 | Swamp:2  | Killed a thorn hunter
 16910 | Swamp:2  | Reached skill level 10 in Dodging
 16978 | Swamp:2  | Noticed a thorn hunter
 17114 | Swamp:2  | Noticed a thorn hunter
 17117 | Swamp:2  | Killed a thorn hunter
 17135 | Swamp:2  | Killed a thorn hunter
 17245 | Swamp:2  | Paralysed by a hornet for 1 turns
 17490 | Swamp:2  | Reached skill level 15 in Armour
 18976 | Swamp:4  | Entered Level 4 of the Swamp
 19050 | Swamp:4  | Reached XP level 15. HP: 146/146 MP: 14/14
 19060 | Swamp:4  | Reached skill level 1 in Evocations
 19144 | Swamp:4  | Noticed Nikola
 19417 | Swamp:4  | Killed Nikola
 19694 | Swamp:4  | Reached skill level 5 in Evocations
 20427 | Swamp:4  | Noticed a bone dragon
 20438 | Swamp:4  | Killed a bone dragon
 20471 | Swamp:4  | HP: 4/132 [spore (26)]
 21468 | Swamp:4  | Gained mutation: You passively map a small area around you.
                  | [potion of mutation]
 21468 | Swamp:4  | Gained mutation: Your flesh is cold resistant. (rC+)
                  | [potion of mutation]
 21524 | Swamp:4  | Got a decaying rune of Zot
 21661 | Spider:1 | Entered Level 1 of the Spider Nest
 21665 | Spider:1 | Identified the +0 plate armour of Bount {Dex+3}
 22118 | Spider:1 | Reached skill level 17 in Unarmed Combat
 23916 | Spider:2 | Reached XP level 16. HP: 68/154 MP: 15/15
 24164 | Spider:2 | Identified the ring "Soiqutek" {Str+6 Int+2 SInv}
 25128 | Spider:4 | Entered Level 4 of the Spider Nest
 25827 | Spider:4 | Reached skill level 10 in Shapeshifting
 25847 | Spider:4 | Reached skill level 18 in Unarmed Combat
 26937 | Spider:4 | Identified the +0 hat "Kicaarid" {Rampage}
 27058 | Spider:4 | Got a gossamer rune of Zot
 27189 | Spider:4 | Identified the +0 robe of Death Resistance {*Slow rN+ Will+
                  | Int+5}
 27504 | D:13     | Found a white marble altar of Elyvilon.
 27824 | D:13     | Noticed Maurice
 27831 | D:13     | Killed Maurice
 28506 | D:14     | Paralysed by an orc sorcerer for 3 turns
 28544 | D:14     | Acquired a manual of Unarmed Combat
 28827 | D:14     | Reached skill level 19 in Unarmed Combat
 29119 | D:14     | Noticed Nessos
 29122 | D:14     | Killed Nessos
 29299 | D:14     | Found a gate to the Vaults.
 29302 | D:14     | Reached skill level 20 in Unarmed Combat
 29304 | D:14     | Reached XP level 17. HP: 163/163 MP: 16/16
 29517 | Slime:1  | Entered Level 1 of the Pits of Slime
 29537 | Slime:2  | Gained mutation: Your body sometimes deteriorates upon
                  | taking damage. [a shining eye]
 29580 | Slime:3  | Reached skill level 21 in Unarmed Combat
 29726 | Slime:5  | Entered Level 5 of the Pits of Slime
 29869 | Slime:5  | Reached skill level 22 in Unarmed Combat
 29899 | Slime:5  | Noticed the Royal Jelly
 30293 | Slime:5  | Paralysed by a formless jellyfish for 1 turns
 30295 | Slime:5  | HP: 7/140 [constriction (5)]
 30296 | Slime:5  | Slain by a formless jellyfish

Illustrated notes

Levels and vault maps discovered:
D:1:      amcnicky_arrival_double_pillar, layout_basic
D:2:      layout_loops_corners, minmay_octomino_j4, uniq_natasha, uniq_robin
D:3:      layout_rooms, dreamdust_ecumenical_altar_drowned_temple,
          grunt_ministairs_12, dk_noncrumbling_4
D:4:      layout_rooms
D:5:      layout_loops_cross, serial_shops, nicolae_shop_tiny_glass,
          nicolae_shop_industrial_runoff, lexackson_kobold_supper
D:6:      layout_loops_ring, corexii_hall_statues_t, kennysheep_flooded_box,
          nicolae_houndstooth_variations
D:7:      layout_basic, mainiacjoe_overflow_paths,
          minmay_temple_entry_enclosed_plants, serial_bayou_pond_a,
          bh_walls_and_bars
D:8:      layout_basic, amcnicky_altar_gilded
D:9:      layout_roguey, vehumet_statue, lair_entry_dummy,
          nicolae_concentric_dashed_squares_mild
D:10:     layout_basic, kennysheep_orc_monster_closet_entryway, st_stairs_6,
          item_on_display_b, uniq_sonja
D:11:     layout_cave_pools, minmay_crystal_water
D:12:     layout_basic, serial_shops, nicolae_shop_advertising_works
          [nicolae_subvault_shop_adworks], uniq_kirke
D:13:     minmay_two_paths, layout_basic, elyvilon_altar_4, uniq_maurice
D:14:     layout_loops_ring, grunt_vaults_entry_fortified,
          minmay_misc_feat_hallway, evilmike_minifort, uniq_nessos
Lair:1:   layout_chaotic_city, serial_bayou_shore_b, grunt_megastairs_5,
          serial_bayou_shore_a, uniq_amaemon
Lair:2:   layout_misc_corridors, minmay_swamp_entry_swarm
Lair:3:   layout_regular_city, spider_nest_entry_rubble,
          gammafunk_ghost_abyssal_escape, chequers_serial_rivers_small_3,
          grunt_megastairs_1
Lair:4:   layout_cave_shapes, eino_house_with_fridge, uniq_josephine
Lair:5:   hellmonk_lair_end_abyssal_woods, layout_loops_ring, slime_entry_1,
          serial_bayou_pond_a, lemuel_oklob_altar
Swamp:1:  layout_falls_marsh, evilmike_swamp_ruin_house_5
Swamp:2:  nicolae_swamp_phyte_club, layout_basic_swamp,
          evilmike_swamp_ruin_house_3
Swamp:3:  layout_basic_swamp, hangedman_swamp_ruin_hall, swamp_pool1,
          nicolae_swamp_well_well_well
Swamp:4:  swamp_pestilence, layout_basic_swamp,
          nicolae_swamp_nymph_family_reunion, uniq_nikola
Spider:1: layout_spider_delve, hive_lemuel
Spider:2: layout_spider_delve
Spider:3: layout_cave_pods, nicolae_spider_webs_and_nodes,
          nicolae_spider_cling_halls
Spider:4: grunt_spider_rune_circles, hellmonk_motheaten_closet
Slime:1:  layout_caves, basic_altar, cheibrodos_slime_lost_civilization_4
Slime:2:  cheibrodos_slime_lost_civilization_1, layout_caves, basic_altar
Slime:3:  cheibrodos_slime_lost_civilization_10, layout_caves,
          nicolae_slime_rock_hall_of_fame
Slime:4:  layout_caves
Slime:5:  slime_pit_nicolae_royal_road_to_ruin
Orc:1:    layout_caves, serial_shops, uniq_harold
Orc:2:    st_orc_mages, layout_caves, serial_shops, shop, nicolae_orc_tapped_out

Skill      XL: |  1  2  3  4  5  6  7  8  9 10 11 12 13 14 15 16 17 |
---------------+----------------------------------------------------+-----
Unarmed Combat | 3 4 6 8 9 11 13 14 15 16 17 20 22 | 22.8
Fighting       | 3 4 5 6 7 10 12 14 15 16 17 | 17.9
Armour         | 1 3 5 8 10 13 15 16 17 | 17.0
Dodging        | 5 7 9 10 11 12 | 12.3
Shapeshifting  | 8 9 10 | 10.3
Evocations     | 8 |  8.2

Action                     |  1- 3 |  4- 6 |  7- 9 | 10-12 | 13-15 | 16-18 || total
---------------------------+-------+-------+-------+-------+-------+-------++-------
  Melee: Unarmed           |    78 |   104 |   241 |   514 |  1120 |   469 ||  2526
         Headbutt          |    16 |    17 |    57 |   116 |   251 |    88 ||   545
         Punch             |       |     2 |    14 |       |       |       ||    16
  Throw: Throwing net      |       |       |     1 |       |       |       ||     1
 Invoke: Draw Out Power    |       |       |       |     1 |     1 |       ||     2
         Sacrifice a Hand  |       |       |       |     1 |       |       ||     1
         Apocalypse        |       |       |       |     8 |    13 |     6 ||    27
         Sacrifice Love    |       |       |       |     1 |       |       ||     1
         Sacrifice Experie |       |       |       |     1 |       |       ||     1
         Reject Sacrifices |       |       |       |     1 |       |       ||     1
         Sacrifice Purity  |       |       |       |       |     1 |       ||     1
         Power Leap        |       |       |       |       |       |     1 ||     1
  Evoke: Wand              |       |       |     2 |     8 |    17 |    10 ||    37
         Lightning rod     |       |       |       |       |     5 |       ||     5
         Tin of tremorston |       |       |       |       |       |     2 ||     2
    Use: Scroll            |       |     1 |       |     4 |    16 |    11 ||    32
         Potion            |       |       |       |     1 |    19 |     2 ||    22
   Stab: Sleeping          |     2 |     1 |       |       |       |       ||     3
         Invisible         |       |       |       |     4 |     6 |     1 ||    11
         Paralysed         |       |       |       |    15 |    21 |    16 ||    52
         Distracted        |       |       |       |     4 |     3 |     5 ||    12
 Armour: Animal skin       |     6 |     1 |       |       |       |       ||     7
         Chain mail        |       |    14 |    19 |       |   224 |   141 ||   398
         Ring mail         |       |       |    20 |    53 |    42 |       ||   115
  Dodge: Dodged            |    54 |    97 |   265 |   369 |   762 |   256 ||  1803
   Form: Blade             |       |       |       |       |     1 |       ||     1

Table legend: (Time is in decaauts)
 A = Elapsed time spent in this place.
 B = Non-inter-level travel time spent in this place.
 C = Inter-level travel time spent in this place.
 D = Time resting spent in this place.
 E = Time spent auto-exploring this place.
 F = Levels seen in this place.
 G = Mean time per level.
                   A        B        C        D        E       F      G
               +--------+--------+--------+--------+--------+-----+--------+
         Total |  29945 |  28361 |   1584 |   4937 |  18321 |  34 |  880.7 |
       Dungeon |  11037 |  10276 |    761 |    128 |   8466 |  14 |  788.4 |
          Lair |   5293 |   4858 |    435 |    468 |   3311 |   5 | 1058.6 |
         Swamp |   6462 |   6265 |    197 |   2202 |   3087 |   4 | 1615.5 |
   Spider Nest |   5348 |   5230 |    118 |   1708 |   2766 |   4 | 1337.0 |
    Slime Pits |    670 |    665 |      5 |    291 |     21 |   5 |  134.0 |
  Orcish Mines |   1133 |   1067 |     66 |    139 |    668 |   2 |  566.5 |
               +--------+--------+--------+--------+--------+-----+--------+

Top non-repeatable levels by time:
 Swamp:3: 1876 daAuts
 Swamp:4: 1794 daAuts
Spider:4: 1681 daAuts
Spider:1: 1667 daAuts
  Lair:5: 1503 daAuts
 Swamp:1: 1455 daAuts
  Lair:3: 1373 daAuts
 Swamp:2: 1335 daAuts
    D:12: 1212 daAuts
Spider:3: 1168 daAuts
  Lair:1: 1139 daAuts
     D:2: 1030 daAuts
     D:9: 1009 daAuts
     D:7: 998 daAuts
    D:13: 970 daAuts
